 Dungeon Crawl Stone Soup version 0.30-a0-365-ge7f957f1db (webtiles) character file.

Game seed: 3924160296230214878

165 Manisia the Conjurer (level 5, -2/36 HPs)
             Began as a Human Conjurer on Nov 17, 2022.
             Slain by a goblin
             ... wielding a +0 club
             ... led by Robin
              (5 damage)
             ... on level 3 of the Dungeon.
             The game lasted 00:06:16 (2760 turns).

Manisia the Conjurer (Human Conjurer)               Turns: 2760, Time: 00:06:17

Health: -2/36      AC:  2    Str:  8    XL:     5   Next: 74%
Magic:  8/9        EV: 12    Int: 20    God:
Gold:   81         SH:  0    Dex: 11    Spells: 3/9 levels left

rFire   . . .      SeeInvis .    c - +0 dagger
rCold   . . .      Faith    .    (no shield)
rNeg    . . .      Spirit   .    a - +0 robe
rPois   .          Reflect  .    (no helmet)
rElec   .          Harm     .    (no cloak)
rCorr   .          Rampage  .    (no gloves)
Will    .....                    (no boots)
Stlth   ++........               (no amulet)
HPRegen 0.26/turn                (no ring)
MPRegen 0.11/turn                (no ring)

@: no status effects
A: no striking features
a: no special abilities


You were on level 3 of the Dungeon.
You visited 1 branch of the dungeon, and saw 3 of its levels.

You collected 81 gold pieces.

Inventory:

Hand Weapons
 c - a +0 dagger (weapon)
Missiles
 d - 39 stones
 f - 3 atropa-tipped darts
 i - 6 poisoned darts
Armour
 a - a +0 robe (worn)
Jewellery
 g - a ring of fire
Potions
 e - a potion of brilliance {unknown}
 h - a potion of might {unknown}
 j - a potion of curing {unknown}
 k - a potion of heal wounds {unknown}


   Skills:
 + Level 0.3 Fighting
 + Level 2.2 Dodging
 - Level 2.0 Stealth
 + Level 0.6 Unarmed Combat
 + Level 2.9 Spellcasting
 + Level 5.5 Conjurations
 * Level 1.4 Hexes


You had 3 spell levels left.
You knew the following spells:

 Your Spells              Type           Power      Damage    Failure   Level
a - Magic Dart            Conj           100%       1d8       1%          1
b - Searing Ray           Conj           50%        2d6       2%          2
c - Dazzling Flash        Conj/Hex       32%        N/A       11%         3

Your spell library contained the following spells:

 Spells                   Type           Power      Damage    Failure   Level
 Ensorcelled Hibernation  Hex/Ice        10%        N/A       16%         2
 Spider Form              Tmut/Pois      2%         N/A       41%         3
 Fulminant Prism          Conj/Hex       8%         3d7       34%         4
 Iskenderun's Mystic Bla  Conj/Tloc      14%        2d5       41%         4
 Anguish                  Hex/Necr       2%         N/A       71%         4


Dungeon Overview and Level Annotations

Branches:
Dungeon (3/15)

Altars:


Message History

Robin is severely wounded.
The searing ray hits the goblin.
The goblin is severely wounded.
The orc closely misses you. The goblin misses you.
The searing ray hits the orc.
You kill the orc!
The searing ray hits Robin.
Robin is almost dead.
You finish channelling your searing ray.
Robin says, "My army is invincible!"
Robin throws the goblin at you! The goblin hits you with a +0 club.
The goblin completely misses you. The goblin misses you.
The goblin closely misses you. Robin hits you with a +0 dagger.
The goblin hits you with a +0 club. x2
* * * LOW HITPOINT WARNING * * *
Casting: Searing Ray (safe; 2% risk of failure)
Confirm with . or Enter, or press ? or * to list all spells.
Aiming: Searing Ray (safe; 2% risk of failure)
Press: ? - help, Shift-Dir - straight line, f/p - Robin
Aim: Robin, wielding a +0 dagger, wearing a +0 animal skin and wearing a +0 helmet (almost dead, 85% to hit)
The searing ray hits Robin.
You kill Robin!
The searing ray misses the hobgoblin. (Press . to maintain the ray.)
The goblin hits you but does no damage. The goblin closely misses you.
Magic courses through your body. The hobgoblin barely misses you.
The goblin hits you with a +0 club.
* * * LOW HITPOINT WARNING * * *
The goblin hits you with a +0 club.
* * * LOW HITPOINT WARNING * * *
Casting: Searing Ray (safe; 2% risk of failure)
Confirm with . or Enter, or press ? or * to list all spells.
Aiming: Magic Dart (safe; 1% risk of failure)
Press: ? - help, Shift-Dir - straight line, f - goblin
Aim: a goblin, wielding a +0 club (heavily wounded, strong, 100% to hit)
The magic dart hits the goblin.
You kill the goblin!
The hobgoblin no longer looks unusually strong.
The hobgoblin closely misses you. The goblin hits you with a +0 club.
You die...

...........#........
.)......##.#......#
......##.......###
.................#
>.....####....##..
......####.>..# .
..............# ...
..
.[####...g#####.....
# ###.)@g)..?....
######.......
....... .......
..g.... .......
....).. #......


You could see a hobgoblin and a goblin (strong).

Vanquished Creatures
  Robin (D:3)
  A gnoll (D:1)
  5 adders
  2 dart slugs (D:1)
  6 orcs
  5 bats
  2 endoplasms
  A giant cockroach (D:1)
  12 goblins
  6 hobgoblins
  6 jackals (D:2)
  3 kobolds
  4 quokkas
  11 ball pythons
  3 frilled lizards
  23 rats
91 creatures vanquished.

Notes
Turn   | Place    | Note
-------+----------+-------------------------------------------
     0 | D:1      | Manisia the Human Conjurer began the quest for the Orb.
     0 | D:1      | Reached XP level 1. HP: 13/13 MP: 3/3
   216 | D:1      | Reached XP level 2. HP: 19/19 MP: 1/5
   220 | D:1      | Learned a level 2 spell: Searing Ray
   650 | D:1      | Reached XP level 3. HP: 24/24 MP: 0/6
   654 | D:1      | Learned a level 3 spell: Dazzling Flash
  1172 | D:2      | Reached skill level 1 in Hexes
  1317 | D:2      | Reached XP level 4. HP: 30/30 MP: 4/7
  1449 | D:2      | Reached skill level 5 in Conjurations
  2062 | D:2      | Reached XP level 5. HP: 33/35 MP: 3/8
  2742 | D:3      | Noticed Robin
  2758 | D:3      | Killed Robin
  2760 | D:3      | Slain by a goblin

Illustrated notes

Levels and vault maps discovered:
D:1:      dpeg_arrival_stone_temple_mockup, layout_loops_ring
D:2:      layout_loops_cross, minmay_rat_hole
D:3:      layout_rooms, hellmonk_ecumenical_altar_leap_of_faith,
          minmay_lizard_king, uniq_robin, uniq_crazy_yiuf_cottage

Skill      XL: |  1  2  3  4 |
---------------+-------------+-----
Hexes          | 1 |  1.4
Conjurations   | 5 |  5.5
Fighting       | |  0.3
Dodging        | |  2.2
Stealth        | |  2.0
Unarmed Combat | |  0.6
Spellcasting   | |  2.9

Action                   |  1- 3 |  4- 6 || total
-------------------------+-------+-------++-------
Melee: Unarmed           |     8 |       ||     8
       Dagger            |    14 |    17 ||    31
 Cast: Magic Dart        |    52 |    65 ||   117
       Searing Ray       |     2 |     6 ||     8
  Use: Scroll            |       |     2 ||     2
       Potion            |       |     1 ||     1
 Stab: Sleeping          |     1 |       ||     1
Armor: Robe              |       |     6 ||     6
Dodge: Dodged            |    15 |    28 ||    43

Table legend: (Time is in decaauts)
 A = Elapsed time spent in this place.
 B = Non-inter-level travel time spent in this place.
 C = Inter-level travel time spent in this place.
 D = Time resting spent in this place.
 E = Time spent auto-exploring this place.
 F = Levels seen in this place.
 G = Mean time per level.
                   A        B        C        D        E       F      G
               +--------+--------+--------+--------+--------+-----+--------+
         Total |   2759 |   2732 |     27 |      0 |   2355 |   3 |  919.7 |
       Dungeon |   2759 |   2732 |     27 |      0 |   2355 |   3 |  919.7 |
               +--------+--------+--------+--------+--------+-----+--------+

Top non-repeatable levels by time:
     D:2: 1300 daAuts
     D:1: 1166 daAuts
     D:3: 293 daAuts
